 Dungeon Crawl Stone Soup version 0.20-a0-792-g09bcfd3 (webtiles) character file.

54 nono the Chucker (level 3, -5/18 HPs)
             Began as a Vine Stalker Hunter on Feb 28, 2017.
             Slain by a scorpion (7 damage)
             ... on level 4 of the Dungeon.
             The game lasted 00:04:45 (706 turns).

nono the Chucker (Vine Stalker Hunter)               Turns: 706, Time: 00:04:46

Health: -5/18      AC:  3    Str: 15    XL:     3   Next: 91%
Magic:  0/4        EV: 12    Int: 11    God:
Gold:   89         SH:  0    Dex: 14    Spells: 2/2 levels left

rFire    + . .     SeeInvis .   a - +0 short sword
rCold    + . .     Gourm    .   b - +0 leather armour
rNeg     . . .     Faith    .   (no shield)
rPois    +         Spirit   +   (no helmet)
rElec    +         Reflect  .   (no cloak)
rCorr    +         Harm     .   (no gloves)
MR       .....                  (no boots)
Stlth    ++........             (no amulet)
Regen    0.1/turn               (no ring)
MPRegen  0.1/turn               (no ring)

@: resistant
A: fangs 2, magic shield, antimagic bite, no potion heal 3, rot immunity
a: no special abilities


You were on level 4 of the Dungeon.
You were not hungry.

You visited 1 branch of the dungeon, and saw 5 of its levels.

You collected 89 gold pieces.

Inventory:

Hand Weapons
 a - a +0 short sword (weapon)
Armour
 b - a +0 leather armour (worn)
Wands
 i - a wand of acid (6/15)
Scrolls
 e - 2 scrolls of identify {unknown}
 j - 2 scrolls of remove curse {unknown}
Books
 l - a book of Cantrips

   Spells                             Type                      Level
   a - Confusing Touch                Hexes                        1
   b - Animate Skeleton               Necromancy                   1
   c - Summon Small Mammal            Summoning                    1
   d - Apportation                    Translocation                1
Comestibles
 f - 3 bread rations
 k - a meat ration


   Skills:
 - Level 1.7 Fighting
 + Level 4.9 Throwing
 - Level 1.5 Dodging
 - Level 1.2 Stealth


You had 2 spell levels left.
You didn't know any spells.

Dungeon Overview and Level Annotations

Branches:
Dungeon (5/15)
 Temple: D:4-7

Altars:


Innate Abilities, Weirdness & Mutations

You have extremely sharp teeth.
When hurt, damage is shared between your health and your magic reserves.
Your bite disrupts and absorbs the magic of your enemies.
Potions cannot restore your health.
You are immune to rotting.


Message History

Throwing (i - inventory):
c - 3 javelins (quivered)
Press: ? - help, Shift-Dir - straight line, f/p - scorpion
Aim: a scorpion (severely wounded)
You throw a javelin. The javelin hits the scorpion.
The scorpion is severely wounded.
The scorpion barely misses you.
Fire/throw which item? (* to show all) (? for menu, Esc to quit)
Press: ? - help, Shift-Dir - straight line, f/p - scorpion
Aim: a scorpion (severely wounded)
You throw a javelin. The javelin barely misses the scorpion.
The scorpion stings you.
* * * LOW HITPOINT WARNING * * *
Fire/throw which item? (* to show all) (? for menu, Esc to quit)
Press: ? - help, Shift-Dir - straight line, f/p - scorpion
Aim: a scorpion (severely wounded)
You throw a javelin.
The javelin hits the scorpion but does no damage.
The scorpion is severely wounded.
The scorpion stings you!
You die...

### .(.
##.##
##...##
..... ...
#s# #@# #.#
##'##
##...##
##.....##
##.......##
#..>......#
+......[..+
#.........#


You could see a scorpion.

Vanquished Creatures
  2 adders
  3 worms
  3 orcs
  3 bats
  A hobgoblin (D:2)
  5 jackals (D:2)
  A quokka (D:4)
  A frilled lizard (D:2)
  4 kobolds
  3 rats
26 creatures vanquished.

Notes
Turn   | Place    | Note
-------+----------+-------------------------------------------
     0 | D:1      | nono the Vine Stalker Hunter began the quest for the Orb.
     0 | D:1      | Reached XP level 1. HP: 11/11 MP: 2/2
   210 | D:2      | Reached skill level 4 in Throwing
   210 | D:2      | Reached XP level 2. HP: 15/15 MP: 3/3
   454 | D:3      | Reached XP level 3. HP: 7/18 MP: 2/4
   467 | D:3      | Noticed an ice beast
   651 | D:5      | Entered Level 5 of the Dungeon
   698 | D:4      | Noticed a scorpion
   706 | D:4      | Slain by a scorpion

Vault maps used:
D:1:      dpeg_arrival_rooms_b
D:2:      serial_forest, infiniplex_forest_diagonal,
          infiniplex_forest_clump_large, infiniplex_forest_diagonal,
          infiniplex_forest_lined_4_way, infiniplex_forest_straight_4,
          infiniplex_forest_straight_1, infiniplex_forest_zigzag_1
D:3:      first_bread, feat_on_display
D:4:      lemuel_crystal_altar, uniq_pikel
D:5:      nemelex_altar_shiori

Skill      XL: |  1 |
---------------+----+-----
Throwing       | 4 |  4.9
Fighting       | |  1.7
Dodging        | |  1.5
Stealth        | |  1.2

Action                   || total
-------------------------++-------
Melee: Short sword       ||    34
       Bite              ||    13
Throw: Javelin           ||    19
       Tomahawk          ||    24
       Throwing net      ||     5
Evoke: Wand              ||     1
  Use: Potion            ||     1
 Stab: Sleeping          ||     1
Armor: Leather armour    ||    20
Dodge: Dodged            ||    56
